 Dungeon Crawl Stone Soup version 0.27-a0-1123-g2f9bb313c0 (webtiles) character file.

Game seed: 7863668157256347898

158883 robertstho the Executioner (level 17, 0/170 HPs)
             Began as a Minotaur Berserker on May 3, 2021.
             Was the Champion of Trog.
             Shot with a bolt by Vashnia (44 damage)
             ... on level 3 of the Snake Pit.
             The game lasted 00:42:42 (27333 turns).

robertstho the Executioner (Minotaur Berserker)    Turns: 27333, Time: 00:42:43

Health: 0/170      AC: 38    Str: 24    XL:     17   Next: 15%
Magic:  0/16       EV:  7    Int: 10    God:    Trog [******]
Gold:   2834       SH:  9    Dex: 14    Spells: 16/16 levels left

rFire    + + +     SeeInvis .   b - +9 broad axe of the Inferno {drain, +Rage rC+}
rCold    + + +     Faith    .   K - +0 kite shield {rF+}
rNeg     . . .     Spirit   +   Q - +14 plate armour of the Original Sin {Harm Int+5 Dex-5 Slay+5}
rPois    +         Reflect  .   (helmet restricted)
rElec    .         Harm     +   p - scarf {rC+ rF+}
rCorr    .         Rampage  .   q - +1 pair of gloves
Will     +++..                  f - +1 pair of boots
Stlth    ..........             T - amulet of guardian spirit
HPRegen  1.38/turn              h - ring "Pifial" {rF+ rC+ Str-2 Dex+7 Stlth+}
MPRegen  0.15/turn              t - ring of the Cricket {rPois rC+}

@: strong-willed, on berserk cooldown, regenerating, slowed, studying Long
Blades, very slow
A: horns 2, retaliatory headbutt
a: Renounce Religion, Evoke Berserk Rage, Berserk, Trog's Hand, Brothers in Arms


You were on level 3 of the Snake Pit.
You worshipped Trog.
Trog was exalted by your worship.
You visited 4 branches of the dungeon, and saw 26 of its levels.
You also visited: Gauntlet and Ice Cave.

You collected 2834 gold pieces.

Inventory:

Hand Weapons
 b - the +9 broad axe of the Inferno (weapon) {drain, +Rage rC+}
   (You acquired it on level 3 of the Dungeon)

   A truly terrible weapon, it drains the life of those it strikes.
   It protects you from cold.
   It lets you go berserk.
 L - a +7 battleaxe of flaming
Missiles
 M - 5 boomerangs of dispersal
 Z - a throwing net
Armour
 f - a +1 pair of boots (worn)
 p - a scarf of resistance (worn)
 q - a +1 pair of gloves (worn)
 J - a +0 chain mail of poison resistance
 K - a +0 kite shield of fire resistance (worn)
 Q - the +14 plate armour of the Original Sin (worn) {Harm Int+5 Dex-5 Slay+5}
   (You found it on level 11 of the Dungeon)

   It affects your intelligence (+5).
   It affects your dexterity (-5).
   It affects your accuracy and damage with ranged weapons and melee attacks
   (+5).
   It increases damage dealt and taken.
 X - the +1 cloak "Vuoczezo" {rF+ Will- Int+3 Stlth+}
   (You found it in a Gauntlet)

   It affects your intelligence (+3).
   It protects you from fire.
   It decreases your willpower.
   It makes you more stealthy.
Jewellery
 h - the ring "Pifial" (left hand) {rF+ rC+ Str-2 Dex+7 Stlth+}
   (You acquired it on level 6 of the Dungeon)

   [ring of protection from fire]

   It affects your strength (-2).
   It affects your dexterity (+7).
   It protects you from fire.
   It protects you from cold.
   It makes you more stealthy.
 m - the macabre finger necklace {rN+}
   (You found it on level 4 of the Lair of Beasts)

   [amulet of nothing]

   It enables you to equip an extra ring.
   It protects you from negative energy.
 t - the ring of the Cricket (right hand) {rPois rC+}
   (You found it on level 5 of the Lair of Beasts)

   [ring of poison resistance]

   It protects you from cold.
   It protects you from poison.
 x - a ring of positive energy
 y - a ring of willpower
 G - a ring of see invisible
 R - a ring of protection from cold
 S - the ring "Yfage Fyn" {rC- rCorr Str+8 Dex+3}
   (You found it on level 3 of the Lair of Beasts)

   [ring of resist corrosion]

   It affects your strength (+8).
   It affects your dexterity (+3).
   It makes you vulnerable to cold.
   It protects you from acid and corrosion.
 T - an amulet of guardian spirit (around neck)
 V - a ring of willpower
Wands
 e - a wand of iceblast (20)
 o - a wand of mindburst (27)
 U - a wand of digging (14)
 Y - a wand of acid (4)
Scrolls
 a - 8 scrolls of enchant armour
 d - 8 scrolls of teleportation
 i - 4 scrolls of fear
 n - 3 scrolls of enchant weapon
 r - 6 scrolls of immolation
 v - a scroll of silence
 w - 5 scrolls of vulnerability
 z - 2 scrolls of blinking
 A - 3 scrolls of magic mapping
 O - 8 scrolls of identify
 W - 2 scrolls of brand weapon
Potions
 c - 4 potions of lignification
 g - 2 potions of heal wounds
 j - 2 potions of berserk rage
 k - 4 potions of invisibility
 l - 2 potions of haste
 s - a potion of might
 C - a potion of magic
 D - 4 potions of attraction
 E - 3 potions of cancellation
 F - 5 potions of mutation
 H - 9 potions of curing
 I - 2 potions of flight
Miscellaneous
 u - a tin of tremorstones (2/2)
 B - a phantom mirror


   Skills:
 * Level 20.1 Fighting
 + Level 21.2 Axes
 * Level 18.8 Armour
 + Level 3.7 Dodging
 + Level 1.6 Shields
 + Level 2.7 Evocations


You had 16 spell levels left.
You didn't know any spells.
Your spell library was empty.

Dungeon Overview and Level Annotations

Branches:
Dungeon (15/15)            Temple (0/1) D:7            Lair (6/6) D:10
  Swamp (0/4) Lair:2        Snake (3/4) Lair:4        Slime (0/5) Lair:5
    Orc (2/2) D:11            Elf (0/3) Orc:2        Vaults (0/5) D:13
 Depths (0/5) D:15          IceCv (visited)         Gauntlet (visited)

Altars:
Ashenzari
Dithmenos
Elyvilon
Fedhas
Kikubaaqudgha
Ru
Trog
Uskayaw
Vehumet
Wu Jian
Xom
Zin
Jiyva

Shops:
D:14 (   Orc:2 [(::

Annotations:
Snake:3 Vashnia


Innate Abilities, Weirdness & Mutations

You have a pair of horns on your head.
You reflexively headbutt those who attack you in melee.


Message History

You slice Vashnia!! You drain Vashnia.
Vashnia is moderately wounded.
You open Vashnia like a pillowcase!!!
Vashnia is heavily wounded.
The naga sharpshooter gestures wildly while chanting.
The naga sharpshooter magically shoots an arrow.
You block the arrow.
Vashnia blinks!
You feel a strong urge to attack something.
You are no longer berserk.
You are exhausted.
You feel yourself slow down.
Your two-headed ogre goes berserk!
Unknown command.
The naga sharpshooter gestures wildly while chanting.
The naga sharpshooter magically shoots an arrow.
The arrow hits you but does no damage.
You swap places.
Unknown command.
Your skin crawls.
You feel strong-willed.
Vashnia shoots a bolt.
The bolt hits your two-headed ogre!! The bolt burns your two-headed ogre!
Vashnia shoots a bolt.
The bolt hits your two-headed ogre!! The bolt burns your two-headed ogre!
Your two-headed ogre dies!
Your two-headed ogre's corpse disappears in a puff of smoke!
Vashnia says to her squad, "Do not let the Minotaur escape!"
The naga sharpshooter shoots an arrow.
You block the arrow.
Unknown command.
The naga sharpshooter shoots an arrow.
The arrow hits you but does no damage.
Vashnia shoots a bolt.
The bolt hits you!!
* * * LOW HITPOINT WARNING * * *
The bolt burns you.
* * * LOW HITPOINT WARNING * * *
Vashnia makes some cryptic hand gestures, then points.
Vashnia shoots a bolt.
The bolt hits you!
* * * LOW HITPOINT WARNING * * *
The naga sharpshooter shoots an arrow.
The arrow hits you but does no damage.
You feel much better.
The naga sharpshooter shoots an arrow.
The arrow misses you.
Vashnia shoots a bolt.
The bolt hits you!!!
You die...

... ######
#####....
......##.....#
#..@..#### #####
##....#
....###.$###
#####..#N..##
#.N......>..#
#.....#.N#..####
#......))##....
#.....##)# ...#.
#.....##.#
#..###


You could see Vashnia (drained) and a naga sharpshooter.

Vanquished Creatures
  Jorgrun (Orc:2)
  Rupert (Snake:1)
  Aizul (Snake:1)
  Louise (Snake:2)
  A very ugly thing (D:13)
  A minotaur (Gauntlet)
  Snorg (D:13)
  The ghost of OTABOTABOTAB the Basher, a journeyman FoFi of Qazlal (Orc:2)
  The ghost of math4jedi the Fighter, a journeyman TrBe of Trog (D:11)
  7 naga warriors
  16 hydras
  5 vault guards (D:13)
  Erolcha (Orc:1)
  2 ice dragons (D:15)
  Harold (D:11)
  2 ogre magi (D:13)
  A salamander tyrant (Snake:2)
  3 boulder beetles
  A catoblepas (Lair:2)
  2 anacondas
  8 centaur warriors
  2 two-headed ogres
  12 death yaks
  A dancing weapon (Orc:2)
  5 orc high priests (Orc:2)
  4 tengu warriors
  Urug (D:11)
  6 shock serpents
  12 naga sharpshooters
  A skeletal warrior (D:13)
  2 salamander mystics
  Nergalle (D:10)
  A sea snake (Snake:2)
  7 orc knights
  A naga ritualist (Snake:2)
  A lindwurm (Lair:6)
  10 ugly things
  3 mana vipers
  A necromancer (D:13)
  A deep elf pyromancer (D:13)
  An oklob plant (Gauntlet)
  12 salamanders
  3 manticores
  2 orc sorcerers
  4 elephants
  7 cyclopes
  A worldbinder (Gauntlet)
  2 ice statues (IceCv)
  Joseph (D:7)
  11 naga magi
  24 black mambas
  3 guardian serpents
  12 cane toads
  A rime drake (shapeshifter) (D:14)
  4 gargoyles
  2 kobold demonologists
  3 yaktaurs (D:13)
  13 komodo dragons
  2 rime drakes (Lair:1)
  An unseen horror (D:13)
  An efreet (D:15)
  4 tengu conjurers
  2 tyrant leeches (Lair:2)
  7 trolls
  A wind drake (shapeshifter) (D:13)
  8 polar bears
  3 meliai (D:14)
  3 hornets (Lair:6)
  Prince Ribbit (Lair:1)
  14 blink frogs
  Grinder (D:6)
  2 dream sheep (Lair:6)
  12 slime creatures
  3 shadows (Gauntlet)
  12 spriggans (Lair:6)
  49 yaks
  A tarantella (shapeshifter) (D:13)
  4 basilisks
  3 wyverns
  3 wraiths
  2 vampire mosquitoes (D:12)
  3 steam dragons (D:8)
  A harpy simulacrum (D:14)
  23 nagas
  A warg (Orc:1)
  2 swamp worms (Lair:2)
  12 water moccasins
  2 acid dragons (Gauntlet)
  3 sky beasts (D:8)
  33 orc warriors
  A hornet zombie (D:8)
  7 ice beasts
  A necrophage (D:8)
  5 ogres
  8 boggarts
  7 black bears
  10 centaurs
  25 wolves
  16 bullfrogs
  5 kobold brigands
  4 scorpions
  A water moccasin skeleton (D:5)
  4 killer bees (D:8)
  6 wights
  12 howler monkeys
  2 electric eels
  3 centaur zombies
  5 hounds
  3 jellies (D:14)
  2 centaur skeletons
  Crazy Yiuf (D:3)
  30 orc priests
  A gnoll shaman (D:8)
  Jessica (D:2)
  Ijyb (D:2)
  13 orc wizards
  Natasha (twice) (D:4)
  A hell rat (Lair:4)
  3 gnolls (D:8)
  4 adders
  A white imp (D:7)
  A worm (D:2)
  A dart slug (D:5)
  68 orcs
  10 endoplasms
  5 giant cockroaches
  11 goblins
  10 hobgoblins
  3 jackals (D:1)
  19 kobolds
  9 quokkas
  8 ball pythons
  6 bats
  2 frilled lizards
  3 rats
  A bush (Lair:6)
797 creatures vanquished.

Vanquished Creatures (collateral kills)
  A catoblepas (Lair:2)
  An orc knight (Orc:2)
  Maggie (D:7)
  5 orc warriors (Orc:2)
  A bullfrog (D:7)
  A jelly (D:7)
  An iguana (D:7)
11 creatures vanquished.

Vanquished Creatures (others)
  A mana viper (Snake:2)
  A kobold (D:13)
  A bush (Lair:2)
  3 demonic plants (Gauntlet)
  12 fungi
  17 plants
  4 toadstools (D:6)
  38 withered plants (Gauntlet)
77 creatures vanquished.

Grand Total: 885 creatures vanquished

Notes
Turn   | Place    | Note
-------+----------+-------------------------------------------
     0 | D:1      | robertstho the Minotaur Berserker began the quest for the
                  | Orb.
     0 | D:1      | Reached XP level 1. HP: 19/19 MP: 0/0
   288 | D:1      | Reached XP level 2. HP: 27/27 MP: 1/1
   421 | D:1      | Reached skill level 4 in Axes
   566 | D:1      | Reached ** piety under Trog
   691 | D:1      | Reached XP level 3. HP: 34/34 MP: 2/2
  1286 | D:2      | Noticed Ijyb
  1315 | D:2      | Killed Ijyb
  1316 | D:2      | Reached XP level 4. HP: 35/41 MP: 3/3
  1367 | D:2      | Reached skill level 5 in Axes
  1699 | D:2      | Noticed Jessica
  1706 | D:2      | Killed Jessica
  2077 | D:2      | Found a faded altar of an unknown god.
  2248 | D:3      | Reached *** piety under Trog
  2422 | D:3      | Found a runed translucent door.
  2423 | D:3      | Noticed Crazy Yiuf
  2431 | D:3      | Killed Crazy Yiuf
  2432 | D:3      | Reached skill level 5 in Fighting
  2432 | D:3      | Reached XP level 5. HP: 48/48 MP: 4/4
  2444 | D:3      | Identified a scroll of acquirement
  2444 | D:3      | Acquired the +9 broad axe of the Inferno {drain, +Rage rC+}
  3014 | D:4      | Noticed a wraith
  3023 | D:4      | Killed a wraith
  3024 | D:4      | Reached skill level 6 in Axes
  3024 | D:4      | Reached XP level 6. HP: 52/56 MP: 5/5
  3533 | D:4      | Noticed Natasha
  3538 | D:4      | Killed Natasha
  3700 | D:4      | Noticed Natasha
  3704 | D:4      | Killed Natasha
  3705 | D:4      | Reached skill level 5 in Armour
  3715 | D:5      | Entered Level 5 of the Dungeon
  3797 | D:5      | Reached XP level 7. HP: 60/62 MP: 6/6
  4561 | D:6      | Reached skill level 7 in Axes
  4661 | D:6      | Noticed Grinder
  4829 | D:6      | Killed Grinder
  4830 | D:6      | Reached skill level 8 in Axes
  4830 | D:6      | Reached XP level 8. HP: 63/71 MP: 7/7
  4934 | D:6      | Acquired the ring "Pifial" {rF+ rC+ Str-2 Dex+7 Stlth+}
  5244 | D:6      | Reached **** piety under Trog
  5358 | D:6      | Found a hide-covered altar of Uskayaw.
  5411 | D:7      | Reached skill level 9 in Axes
  5459 | D:7      | Noticed Maggie
  5476 | D:7      | Killed Maggie
  5477 | D:7      | Reached XP level 9. HP: 46/81 MP: 8/8
  5477 | D:7      | Found a staircase to the Ecumenical Temple.
  5600 | D:7      | Noticed Joseph
  5633 | D:7      | Killed Joseph
  5634 | D:7      | Reached skill level 10 in Axes
  5634 | D:7      | Reached skill level 1 in Evocations
  6066 | D:7      | Found a glowing silver altar of Zin.
  6480 | D:8      | Reached skill level 11 in Axes
  6769 | D:8      | Reached XP level 10. HP: 76/91 MP: 9/9
  7050 | D:8      | Found a shadowy altar of Dithmenos.
  7050 | D:8      | Found an ancient bone altar of Kikubaaqudgha.
  7050 | D:8      | Found a white marble altar of Elyvilon.
  7213 | D:9      | Reached ***** piety under Trog
  7425 | D:9      | Noticed a two-headed ogre
  7435 | D:9      | Reached skill level 10 in Armour
  7437 | D:9      | Killed a two-headed ogre
  7438 | D:9      | Reached skill level 12 in Axes
  7441 | D:9      | Reached skill level 10 in Fighting
  7582 | D:9      | Found a blossoming altar of Fedhas.
  7593 | D:9      | Found a broken altar of Ashenzari.
  7761 | D:9      | Found a radiant altar of Vehumet.
  7812 | D:9      | Found a bloodstained altar of Trog.
  7945 | D:10     | Entered Level 10 of the Dungeon
  8341 | D:10     | Noticed a tengu warrior
  8342 | D:10     | Noticed a tengu warrior
  8348 | D:10     | Killed a tengu warrior
  8349 | D:10     | Reached skill level 13 in Axes
  8349 | D:10     | Reached XP level 11. HP: 63/101 MP: 10/10
  8351 | D:10     | Killed a tengu warrior
  8521 | D:10     | Noticed Nergalle
  8524 | D:10     | Noticed a spectral orc warlord
  8533 | D:10     | Killed Nergalle
  8701 | D:10     | Found a staircase to the Lair.
  8999 | D:11     | Identified the +14 plate armour of the Original Sin {Harm
                  | Int+5 Dex-5 Slay+5}
  9184 | D:11     | Found a staircase to the Orcish Mines.
  9197 | D:11     | Noticed a four-headed hydra
  9205 | D:11     | Killed an eight-headed hydra
  9647 | D:11     | Noticed Urug
  9656 | D:11     | Killed Urug
  9875 | D:11     | Noticed Harold
  9882 | D:11     | Killed Harold
  9883 | D:11     | Reached skill level 14 in Axes
 10110 | D:11     | Received a gift from Trog
 10570 | D:11     | Found a runed translucent door.
 10571 | D:11     | Noticed math4jedi's ghost (journeyman TrBe)
 10757 | D:11     | Killed math4jedi's ghost
 10818 | Lair:1   | Entered Level 1 of the Lair of Beasts
 10937 | Lair:1   | Noticed an eight-headed hydra
 10943 | Lair:1   | Killed a five-headed hydra
 11130 | Lair:1   | Reached XP level 12. HP: 113/113 MP: 11/11
 11179 | Lair:1   | Noticed a six-headed hydra
 11185 | Lair:1   | Killed a three-headed hydra
 11195 | Lair:1   | Found a frozen archway.
 11201 | IceCv    | Entered an ice cave
 11202 | IceCv    | Found a transporter.
 11322 | IceCv    | Found a transporter.
 11538 | Lair:1   | Noticed Prince Ribbit
 11543 | Lair:1   | Killed Prince Ribbit
 11547 | Lair:1   | Reached skill level 15 in Axes
 12256 | Lair:2   | Noticed a seven-headed hydra
 12262 | Lair:2   | Killed a five-headed hydra
 12621 | Lair:2   | Noticed a four-headed hydra
 12621 | Lair:2   | Noticed a five-headed hydra
 12624 | Lair:2   | Found a staircase to the Swamp.
 12628 | Lair:2   | Killed a two-headed hydra
 12635 | Lair:2   | Killed a one-headed hydra
 13362 | Lair:2   | Noticed a catoblepas
 13371 | Lair:2   | Killed a catoblepas
 13372 | Lair:2   | Reached XP level 13. HP: 112/123 MP: 12/12
 13923 | Lair:3   | Identified the ring "Yfage Fyn" {rC- rCorr Str+8 Dex+3}
 13931 | Lair:3   | Found a sacrificial altar of Ru.
 13967 | Lair:3   | Reached skill level 16 in Axes
 14594 | Lair:4   | Found a staircase to the Snake Pit.
 14630 | Lair:4   | Found a gate leading to a gauntlet.
 14681 | Gauntlet | Entered a Gauntlet
 14681 | Gauntlet | Found a transporter.
 14769 | Gauntlet | Found a transporter.
 14784 | Gauntlet | Found a transporter.
 14787 | Gauntlet | Noticed a green death
 14789 | Gauntlet | Found a transporter.
 14806 | Gauntlet | Found a transporter.
 14824 | Gauntlet | Found a transporter.
 14836 | Gauntlet | Found a transporter.
 14848 | Gauntlet | Found a transporter.
 14860 | Gauntlet | Found a transporter.
 14866 | Gauntlet | Found a transporter.
 14866 | Gauntlet | Found a transporter.
 14881 | Gauntlet | Found a transporter.
 14887 | Gauntlet | Found a transporter.
 14926 | Gauntlet | Found a transporter.
 14928 | Gauntlet | Found a runed translucent gate.
 14928 | Gauntlet | Found a runed translucent gate.
 14928 | Gauntlet | Found a runed translucent gate.
 14936 | Gauntlet | Found a large runed translucent door.
 14936 | Gauntlet | Found a large runed translucent door.
 14936 | Gauntlet | Found a large runed translucent door.
 14936 | Gauntlet | Found a large runed translucent door.
 14937 | Gauntlet | Found a large runed translucent door.
 14937 | Gauntlet | Found a large runed translucent door.
 14938 | Gauntlet | Found a large runed translucent door.
 14938 | Gauntlet | Found a large runed translucent door.
 14939 | Gauntlet | Found a large runed translucent door.
 14939 | Gauntlet | Found a large runed translucent door.
 14939 | Gauntlet | Found a runed translucent door.
 14939 | Gauntlet | Found a runed translucent door.
 14940 | Gauntlet | Found a large runed translucent door.
 14941 | Gauntlet | Found a large runed translucent door.
 14950 | Gauntlet | Found a large runed translucent door.
 14950 | Gauntlet | Found a large runed translucent door.
 14951 | Gauntlet | Found a large runed translucent door.
 14952 | Gauntlet | Found a large runed translucent door.
 14954 | Gauntlet | Found a transporter.
 14954 | Gauntlet | Found a transporter.
 14974 | Gauntlet | Found a transporter.
 15052 | Gauntlet | Found a transporter.
 15192 | Gauntlet | Reached skill level 15 in Armour
 15509 | Gauntlet | Identified the +4 plate armour of the Devil {Rampage Int-5
                  | Dex+2}
 15516 | Gauntlet | Identified the +1 cloak "Vuoczezo" {rF+ Will- Int+3 Stlth+}
 15534 | Gauntlet | Identified the +5 glaive of Painted Defence {elec, Drain
                  | +Rage rElec Str+4 Stlth+}
 15534 | Gauntlet | Noticed a minotaur
 15544 | Gauntlet | Killed a minotaur
 15771 | Lair:4   | Found the macabre finger necklace {rN+}
 15797 | Lair:4   | Reached skill level 17 in Axes
 16314 | Lair:5   | Received a gift from Trog
 16343 | Lair:5   | Found a staircase to the Slime Pits.
 16344 | Lair:5   | Found a viscous altar of Jiyva.
 16542 | Lair:5   | Identified the ring of the Cricket {rPois rC+}
 16594 | Lair:5   | Reached skill level 15 in Fighting
 16951 | Lair:6   | Entered Level 6 of the Lair of Beasts
 16971 | Lair:6   | Reached XP level 14. HP: 135/135 MP: 13/13
 17310 | Lair:6   | Reached skill level 18 in Axes
 17858 | Lair:6   | Received a gift from Trog
 18094 | Lair:6   | Found an ornate altar of the Wu Jian Council.
 18386 | Orc:1    | Entered Level 1 of the Orcish Mines
 18386 | Orc:1    | Noticed Erolcha
 18398 | Orc:1    | Killed Erolcha
 18804 | Orc:2    | Entered Level 2 of the Orcish Mines
 18846 | Orc:2    | Found a runed translucent door.
 18847 | Orc:2    | Found a shimmering altar of Xom.
 18847 | Orc:2    | Noticed OTABOTABOTAB's ghost (journeyman FoFi)
 19088 | Orc:2    | Found a staircase to the Elven Halls.
 19127 | Orc:2    | Received a gift from Trog
 19334 | Orc:2    | Reached skill level 19 in Axes
 19751 | Orc:2    | Noticed Jorgrun
 19761 | Orc:2    | Killed Jorgrun
 19762 | Orc:2    | Reached XP level 15. HP: 145/145 MP: 14/14
 20224 | Orc:2    | Found Feprewn's Book Shop.
 20224 | Orc:2    | Found Qomm's Antique Armour Shop.
 20225 | Orc:2    | Found Durihunlo's Book Shop.
 20225 | Orc:2    | Found Umirunau's Antique Weapon Boutique.
 20387 | Orc:2    | Killed OTABOTABOTAB's ghost
 21606 | D:13     | Received a gift from Trog
 21736 | D:13     | Reached ****** piety under Trog
 21750 | D:13     | Reached skill level 20 in Axes
 21777 | D:13     | Found a gate to the Vaults.
 22196 | D:13     | Noticed Snorg
 22203 | D:13     | Killed Snorg
 22480 | D:14     | Found a viscous altar of Jiyva.
 22780 | D:14     | Found Kiajap's Weapon Shop.
 22957 | D:14     | Reached XP level 16. HP: 157/157 MP: 15/15
 23170 | D:15     | Entered Level 15 of the Dungeon
 23604 | D:15     | Found a staircase to the Depths.
 23946 | Snake:1  | Entered Level 1 of the Snake Pit
 23977 | Snake:1  | Received a gift from Trog
 24262 | Snake:1  | Noticed Aizul
 24270 | Snake:1  | Killed Aizul
 24630 | Snake:1  | Noticed Rupert
 24632 | Snake:1  | Paralysed by Rupert for 4 turns
 24639 | Snake:1  | Killed Rupert
 24931 | Snake:2  | Found an ornate altar of the Wu Jian Council.
 25471 | Snake:2  | Reached skill level 21 in Axes
 25985 | Snake:2  | Received a gift from Trog
 26576 | Snake:2  | Found a bloodstained altar of Trog.
 26653 | Snake:2  | Noticed Louise
 26670 | Snake:2  | Killed Louise
 26971 | Snake:3  | Reached XP level 17. HP: 170/170 MP: 13/16
 27062 | Snake:3  | Reached skill level 1 in Shields
 27301 | Snake:3  | Noticed Vashnia
 27312 | Snake:3  | Received a gift from Trog
 27333 | Snake:3  | Shot with a bolt by Vashnia

Illustrated notes

Levels and vault maps discovered:
D:1:      giann_bridges, layout_rooms, hangedman_abyss_or_decor_lesser_grid,
          st_stairs_1, minmay_stone_trees_medium
D:2:      kennysheep_the_goblin_king, layout_loops_corners,
          chequers_ecumenical_altar_lobes, uniq_jessica
D:3:      layout_loops_ring, grunt_decor_cap, uniq_crazy_yiuf_cottage
D:4:      layout_gridville, uniq_natasha
D:5:      mumra_celtic_spiral_tile, layout_loops_cross
D:6:      layout_loops_ring, nicolae_uskayaw_suspiria, minmay_gold_behind_fungi,
          corexii_leaking_fountain, kennysheep_opposing_triangles, uniq_grinder
D:7:      layout_rooms, marbit_many_paths, minmay_temple_entry_glass,
          serial_corexii_hall, chequers_hall_statues_y, corexii_hall_statues_l,
          corexii_hall_statues_u, corexii_hall_statues_x, minmay_crystal_water,
          uniq_joseph, uniq_maggie
D:8:      layout_loops_cross, gammafunk_temple_overflow_claw,
          hangedman_decor_push, minmay_crystal_room, kennysheep_crisscross,
          hangedman_misty_isle
D:9:      layout_rooms, trog_antimagical, kennysheep_mini_moat,
          grunt_temple_overflow_open
D:10:     layout_rooms, grunt_lair_entry_orc_guard_hut, uniq_nergalle
D:11:     layout_layer_cave, erik_orc_3, gammafunk_ghost_grave, minivault_23,
          uniq_harold, uniq_urug
D:12:     layout_irregular_city
D:13:     minmay_dotted_concentric_squares, layout_loops_ring,
          grunt_vaults_entry_fortified, uniq_snorg
D:14:     layout_rooms, hangedman_decor_diamond_cutter, serial_shops,
          kennysheep_mini, jiyva_altar_1
D:15:     grunt_enter_depths_hoard, layout_rooms, eino_curves_01
Lair:1:   layout_roguey, portal_ice_cave_rime, infiniplex_staircase_pool,
          lemuel_fruit_fields, uniq_prince_ribbit2
Lair:2:   layout_regular_city, palyth_hydra_swamp_entry,
          nicolae_lair_grove_arrangements
Lair:3:   layout_roguey, basic_altar
Lair:4:   layout_misc_corridors, dummy_snake_entry, gauntlet_entry_generic,
          beast_lair_carwin_9
Lair:5:   layout_regular_city, slime_altar_1, beast_lair_carwin_6
Lair:6:   minmay_lair_end_enchanted_forest, layout_misc_corridors,
          lemuel_centaur_altar, lemuel_fruit_tree
Snake:1:  layout_misc_corridors, serial_bayou_pond_d, grunt_megastairs_3,
          serial_bayou_shore_b, uniq_aizul, uniq_rupert
Snake:2:  layout_onion, st_stairs_5, serial_bayou_ford_a, drop_trap,
          hangedman_feature_mirror, uniq_louise
Snake:3:  layout_rooms, serial_bayou_shore_b, grunt_megastairs_5, uniq_donald,
          uniq_vashnia, uniq_nikola
Orc:1:    layout_caves, uniq_erolcha
Orc:2:    st_orc_pillars, layout_caves, ebering_ghost_xom, uniq_jorgrun

Skill      XL: |  1  2  3  4  5  6  7  8  9 10 11 12 13 14 15 16 17 |
---------------+----------------------------------------------------+-----
Fighting       | 4 5 6 8 9 10 12 13 15 16 18 19 20 | 20.1
Axes           | 4 5 6 8 9 11 13 14 15 17 19 20 21 | 21.2
Armour         | 3 4 5 6 8 9 11 12 14 15 16 17 18 | 18.8
Dodging        | 3 |  3.7
Evocations     | 2 |  2.7
Shields        | 1 |  1.6

Action                   |  1- 3 |  4- 6 |  7- 9 | 10-12 | 13-15 | 16-18 || total
-------------------------+-------+-------+-------+-------+-------+-------++-------
Melee: Hand axe          |    88 |    37 |       |       |       |       ||   125
       Headbutt          |     8 |    10 |    22 |    93 |   152 |    58 ||   343
       Broad axe         |       |    42 |   122 |   195 |       |    86 ||   445
       Unarmed           |       |       |     1 |       |       |       ||     1
       Battleaxe         |       |       |       |   143 |   564 |   191 ||   898
Invok: Berserk           |     3 |     1 |       |     8 |    11 |     6 ||    29
       Brothers in Arms  |       |       |     2 |       |     6 |     1 ||     9
       Trog's Hand       |       |       |     1 |       |     2 |     2 ||     5
Evoke: Wand              |       |       |    24 |       |       |       ||    24
  Use: Potion            |     3 |       |     2 |       |     3 |     3 ||    11
       Scroll            |       |     9 |     2 |     9 |     5 |     3 ||    28
 Stab: Distracted        |       |       |       |       |     1 |       ||     1
Armor: Animal skin       |     4 |       |       |       |       |       ||     4
       Chain mail        |    21 |    33 |    21 |    98 |     1 |       ||   174
       Skin              |    26 |       |       |       |       |       ||    26
       Plate armour      |       |       |    68 |   136 |   355 |   227 ||   786
Dodge: Dodged            |    49 |    32 |    52 |   165 |   384 |   104 ||   786
Block: Kite shield       |       |       |       |       |       |    43 ||    43

Table legend: (Time is in decaauts)
 A = Elapsed time spent in this place.
 B = Non-inter-level travel time spent in this place.
 C = Inter-level travel time spent in this place.
 D = Time resting spent in this place.
 E = Time spent auto-exploring this place.
 F = Levels seen in this place.
 G = Mean time per level.
                   A        B        C        D        E       F      G
               +--------+--------+--------+--------+--------+-----+--------+
         Total |  27512 |  26135 |   1377 |   2081 |  20371 |  28 |  982.6 |
       Dungeon |  14536 |  13692 |    844 |    538 |  11407 |  15 |  969.1 |
          Lair |   6252 |   5843 |    409 |    251 |   4852 |   6 | 1042.0 |
     Snake Pit |   3403 |   3344 |     59 |    802 |   2063 |   3 | 1134.3 |
  Orcish Mines |   2089 |   2025 |     64 |    407 |   1254 |   2 | 1044.5 |
      Ice Cave |    180 |    180 |      0 |     82 |      0 |   1 |  180.0 |
      Gauntlet |   1050 |   1050 |      0 |      0 |    794 |   1 | 1050.0 |
               +--------+--------+--------+--------+--------+-----+--------+

Top non-repeatable levels by time:
    D:11: 2166 daAuts
 Snake:1: 1724 daAuts
  Lair:2: 1650 daAuts
   Orc:2: 1640 daAuts
    D:13: 1320 daAuts
  Lair:6: 1297 daAuts
 Snake:2: 1294 daAuts
  Lair:1: 1211 daAuts
     D:2: 1146 daAuts
     D:1: 1101 daAuts
Gauntlet: 1050 daAuts
     D:8: 1032 daAuts
    D:10: 1003 daAuts
     D:6: 865 daAuts
     D:5: 818 daAuts
